 Dungeon Crawl Stone Soup version 0.21-a0-78-g82a99e0 (webtiles) character file.

3266 Ijustatesigmund the Knight (level 10, -8/71 HPs)
             Began as an Octopode Artificer on June 21, 2017.
             Was a Priest of Okawaru.
             Mangled by a two-headed ogre
             ... wielding a +0 giant spiked club
              (24 damage)
             ... on level 8 of the Dungeon.
             The game lasted 00:22:59 (6895 turns).

Ijustatesigmund the Knight (Octopode Artificer)     Turns: 6895, Time: 00:23:01

Health: -8/71      AC:  8    Str: 12      XL:     10   Next: 0%
Magic:  13/15      EV: 18    Int: 13 (14) God:    Okawaru [***...]
Gold:   176        SH:  6    Dex: 15      Spells: 7/9 levels left

rFire    . . .     SeeInvis .   a - +1 short sword
rCold    . . .     Gourm    .   i - +0 buckler
rNeg     . . .     Faith    .   z - +2 hat {MR+}
rPois    +         Spirit   .   u - amulet of regeneration
rElec    .         Reflect  .   (no ring)
rCorr    .         Harm     .   (no ring)
MR       +....                  (no ring)
Stlth    ++++......             (no ring)
HPRegen  0.61/turn              (no ring)
MPRegen  0.14/turn              (no ring)
                                (no ring)
                                (no ring)

@: heroism
A: almost no armour, stealthy swim, amphibious, 8 rings, constrict 8, iridescent
scales 1, thin metallic scales 1, camouflage 1, deterioration 1, poison
resistance, shaggy fur 1, gelatinous body 1, evolution 1
a: Heroism, Renounce Religion


You were on level 8 of the Dungeon.
You worshipped Okawaru.
Okawaru was most pleased with you.
You were not hungry.

You visited 1 branch of the dungeon, and saw 8 of its levels.

You collected 459 gold pieces.
You spent 283 gold pieces at shops.

Inventory:

Hand Weapons
 a - a +1 short sword (weapon)
 o - the +5 battleaxe "Boun" {pain, +Rage}
   (You found it on level 5 of the Dungeon)

   In the hands of one skilled in necromantic magic, it inflicts extra damage on
   living creatures.
   It lets you go berserk.
 p - a +1 long sword of flaming
Armour
 i - a +0 buckler (worn)
 z - a +2 hat of magic resistance (worn)
Jewellery
 u - an amulet of regeneration (around mantle)
 A - an uncursed amulet of faith {unknown}
Wands
 b - a wand of flame (12/48)
 c - a wand of enslavement (0/24)
 d - a wand of random effects (15/48)
 l - a wand of digging (11/24)
 w - a wand of lightning (4/15)
 D - a wand of confusion (21/48)
Scrolls
 e - 3 scrolls of amnesia
 s - 3 scrolls of enchant armour
 v - a scroll of remove curse
 y - 3 scrolls of immolation
 B - 2 scrolls of identify
 C - a scroll of blinking {unknown}
Potions
 h - a potion of magic
 j - 2 potions of lignification
 k - a potion of flight
 m - 2 potions of mutation
 r - a potion of invisibility
 t - 2 potions of curing
 x - a potion of agility {unknown}
 F - a potion of heal wounds
Books
 q - Sif Muna's Incunabulum of Moulding
   (You found it on level 4 of the Dungeon)

   Spells                             Type                      Level
   a - Beastly Appendage              Transmutation                1
 E - a book of Air

   Spells                             Type                      Level
   a - Shock                          Conjuration/Air              1
   b - Swiftness                      Charms/Air                   2
   c - Static Discharge               Conjuration/Air              3
   d - Airstrike                      Air                          4
   e - Lightning Bolt                 Conjuration/Air              5
Comestibles
 f - 9 bread rations
 g - 4 royal jellies
 n - 7 meat rations


   Skills:
 - Level 7.1(12.1) Fighting
 - Level 7.2(12.2) Short Blades
 - Level 3.1(8.1) Dodging
 - Level 1.3(6.3) Stealth
 + Level 4.5(9.5) Shields
 + Level 1.4 Charms
 + Level 1.6 Air Magic
 + Level 7.5 Invocations
 - Level 3.2 Evocations


You had 7 spell levels left.
You knew the following spells:

 Your Spells              Type           Power        Failure   Level  Hunger
a - Swiftness             Chrm/Air       #.......     26%         2    ###....


Dungeon Overview and Level Annotations

Branches:
Dungeon (8/15)             Temple (0/1) D:6
   Lair: D:8-11

Altars:
Cheibriados
Dithmenos
Fedhas
Gozag
Kikubaaqudgha
Okawaru
Sif Muna

Shops:
D:4 *=[!   D:5 [

Annotations:
D:8 Grum


Innate Abilities, Weirdness & Mutations

You cannot wear most types of armour.
You are very stealthy in the water. (Stealth+)
You are amphibious.
You can wear up to eight rings at the same time.
You can use your tentacles to constrict eight enemies at once.
Your skin changes colour to match your surroundings (Stealth+).
Your rubbery body absorbs attacks. (AC +1, EV +1)
You are partially covered in iridescent scales. (AC +2)
You are partially covered in thin metallic scales. (AC +2)
Your body sometimes deteriorates upon taking damage.
Your system is resistant to poisons. (rPois)
You are covered in fur. (AC +1)
You evolve.


Message History

You hit the two-headed ogre but do no damage.
The two-headed ogre is severely wounded.
The wolf bites you but does no damage.
You hit the two-headed ogre.
The two-headed ogre is almost dead.
The two-headed ogre barely misses you.
The two-headed ogre completely misses you.
The wolf bites you but does no damage.
The bullfrog zombie hits you but does no damage.
You hit the two-headed ogre.
The two-headed ogre is almost dead.
The wolf bites you!
* * * LOW HITPOINT WARNING * * *
You hit the two-headed ogre.
Your tentacle-slap misses the two-headed ogre.
The two-headed ogre is almost dead.
The bullfrog zombie hits you.
* * * LOW HITPOINT WARNING * * *
The two-headed ogre hits you with a giant spiked club!!
You die...

##.# ..# #..##
...#.
#...###.....
#...........
#.....##....
#.....##....
#...........
#.....#####.
#..Z@h#
....(...Ohgh...
.......######..
....### ..## .#


You could see a two-headed ogre, Grum, 3 wolves and a bullfrog zombie.

Vanquished Creatures
  The ghost of KristoblXynda the Covert, a novice NaTm of Dithmenos (D:7)
  A hippogriff (D:7)
  An orc warrior (D:7)
  An eye of draining (D:7)
  A phantom (D:5)
  5 centaurs
  3 ogres
  Blork the orc (D:5)
  3 bullfrogs
  A scorpion (D:7)
  The ghost of 4thArraOfDagon the Skirmisher, a weakling DsAK of Lugonu (D:4)
  A howler monkey (D:4)
  3 bullfrog zombies
  2 crimson imps (D:7)
  6 orc priests
  4 hounds
  Jessica (D:2)
  A worker ant (D:5)
  6 orc wizards
  A hound skeleton (D:7)
  2 worker ant zombies
  3 gnolls (D:4)
  9 adders
  3 shadow imps
  An ooze (D:1)
  An adder skeleton (D:4)
  5 worms
  2 dart slugs
  16 orcs
  2 giant cockroaches
  5 goblins
  4 hobgoblins
  6 jackals
  A quokka (D:7)
  A ball python (D:4)
  A ball python skeleton (D:4)
  8 bats
  6 frilled lizards
  4 kobolds
  A leopard gecko zombie (D:4)
  2 quokka skeletons
  7 rats
  A bush (D:3)
135 creatures vanquished.

Vanquished Creatures (collateral kills)
  A hippogriff (D:7)
  2 orcs
  A hobgoblin (D:4)
4 creatures vanquished.

Vanquished Creatures (others)
  A worker ant (D:7)
  A gnoll (D:4)
  3 orcs
5 creatures vanquished.

Grand Total: 144 creatures vanquished

Notes
Turn   | Place    | Note
-------+----------+-------------------------------------------
     0 | D:1      | Ijustatesigmund the Octopode Artificer began the quest for the Orb.
     0 | D:1      | Reached XP level 1. HP: 13/13 MP: 3/3
    62 | D:1      | Reached XP level 2. HP: 13/18 MP: 4/4
   747 | D:1      | Reached XP level 3. HP: 24/24 MP: 5/5
  1421 | D:2      | Found a faded altar of an unknown god.
  1433 | D:2      | Reached XP level 4. HP: 30/30 MP: 6/6
  1479 | D:2      | Noticed Jessica
  1483 | D:2      | Killed Jessica
  1667 | D:3      | Found a snail-covered altar of Cheibriados.
  2236 | D:3      | Noticed a centaur
  2248 | D:3      | Killed a centaur
  2248 | D:3      | Reached XP level 5. HP: 20/36 MP: 7/7
  2457 | D:3      | Gained mutation: You are resistant to electric shocks. (rElec) [potion of mutation]
  2457 | D:3      | Gained mutation: Scrolls take you a little longer to read. [potion of mutation]
  2457 | D:3      | Gained mutation: You evolve. [potion of mutation]
  2458 | D:3      | Lost mutation: Scrolls take you a little longer to read. [potion of mutation]
  2458 | D:3      | Lost mutation: You are resistant to electric shocks. (rElec) [potion of mutation]
  2458 | D:3      | Gained mutation: You are partially covered in thin metallic scales. (AC +2) [potion of mutation]
  2458 | D:3      | Gained mutation: You are partially covered in iridescent scales. (AC +2) [potion of mutation]
  2458 | D:3      | Gained mutation: Your system is resistant to poisons. (rPois) [potion of mutation]
  2458 | D:3      | Gained mutation: You are covered in fur. (AC +1) [potion of mutation]
  2700 | D:4      | Reached XP level 6. HP: 37/43 MP: 8/8
  2966 | D:4      | Found an ancient bone altar of Kikubaaqudgha.
  2973 | D:4      | Found Kauffiug's Jewellery Shop.
  2974 | D:4      | Found Nieloib's General Store.
  3008 | D:4      | Bought a potion of curing for 36 gold pieces
  3103 | D:4      | Found Piwnotti's Distillery.
  3104 | D:4      | Noticed Blork the orc
  3170 | D:4      | Bought a potion of heal wounds for 65 gold pieces
  3228 | D:4      | Found a deep blue altar of Sif Muna.
  3280 | D:4      | Identified Sif Muna's Incunabulum of Moulding
  3412 | D:4      | Found Rikkimny's Armour Boutique.
  3529 | D:4      | Found an opulent altar of Gozag.
  3623 | D:4      | Noticed 4thArraOfDagon's ghost (weakling DsAK)
  3647 | D:4      | Killed 4thArraOfDagon's ghost
  3647 | D:4      | Reached XP level 7. HP: 49/49 MP: 9/9
  3745 | D:4      | Found an iron altar of Okawaru.
  3755 | D:4      | Became a worshipper of Warmaster Okawaru
  3858 | D:5      | Entered Level 5 of the Dungeon
  3876 | D:5      | Reached skill level 5 in Short Blades
  3876 | D:5      | Reached skill level 1 in Invocations
  3934 | D:5      | Reached skill level 5 in Fighting
  3966 | D:5      | Killed Blork the orc
  4048 | D:5      | Found Plog's Antique Armour Shop.
  4092 | D:5      | Got an ebony battleaxe
  4093 | D:5      | Identified the +5 battleaxe "Boun" {pain, +Rage} (You found it on level 5 of the Dungeon)
  4115 | D:5      | Reached XP level 8. HP: 56/56 MP: 10/10
  4192 | D:5      | Reached * piety under Okawaru
  4943 | D:6      | Found a shadowy altar of Dithmenos.
  4960 | D:6      | Found a staircase to the Ecumenical Temple.
  5230 | D:5      | Bought a runed hat for 182 gold pieces
  5635 | D:7      | Noticed a hippogriff
  5636 | D:7      | Noticed a hippogriff
  5638 | D:7      | Killed a hippogriff
  5657 | D:7      | Reached ** piety under Okawaru
  5657 | D:7      | Killed a hippogriff
  5657 | D:7      | Reached skill level 5 in Invocations
  5657 | D:7      | Reached XP level 9. HP: 33/63 MP: 12/12
  5828 | D:7      | Reached skill level 1 in Shields
  5883 | D:7      | Gained mutation: Your body sometimes deteriorates upon taking damage. [evolution]
  5999 | D:7      | Found a blossoming altar of Fedhas.
  6186 | D:7      | Noticed KristoblXynda's ghost (novice NaTm)
  6222 | D:7      | Killed KristoblXynda's ghost
  6451 | D:7      | Learned a level 2 spell: Swiftness
  6652 | D:7      | Reached *** piety under Okawaru
  6652 | D:7      | Reached skill level 1 in Air Magic
  6654 | D:7      | Reached skill level 1 in Charms
  6828 | D:8      | Reached XP level 10. HP: 71/71 MP: 15/15
  6876 | D:8      | Noticed a two-headed ogre
  6888 | D:8      | Noticed Grum
  6895 | D:8      | Mangled by a two-headed ogre

Vault maps used:
D:1:      lightli_molten_gateway, hangedman_decor_opposing
D:2:      chequers_ecumenical_altar_simple, uniq_jessica
D:3:      overflow_temple_1_default, nicolae_overflow_hidden_temple,
          minmay_hedge_maze
D:4:      led_sif_book, grunt_gozag_statues, lemuel_round_altar, serial_shops,
          shop, nicolae_shop_temple_entry_statues_fountains, shop,
          nicolae_shop_temple_entry_statues_fountains,
          okawaru_altar_gauntlet_db, uniq_blork_the_orc
D:5:      serial_shops, nicolae_shop_stone, first_bread, nrook_loot_triangle,
          hex_medium, dk_noncrumbling_3
D:6:      minmay_temple_entry_statues_fountains,
          nicolae_dithmenos_through_a_glass_darkly
D:7:      fedhas_bush_and_centaur_altar, grunt_ogre_cave,
          mrwooster_statue_mirror, grunt_potential
D:8:      minitemple, uniq_grum

Skill      XL: |  1  2  3  4  5  6  7  8  9 |
---------------+----------------------------+-----
Short Blades   | 2 3 4 5 7 |  7.2
Fighting       | 2 3 4 5 6 7 |  7.1
Dodging        | 3 |  3.1
Invocations    | 2 5 7 |  7.5
Shields        | 4 |  4.5
Air Magic      | 1 |  1.6
Charms         | 1 |  1.4
Stealth        | |  1.3
Evocations     | |  3.2

Action                   |  1- 3 |  4- 6 |  7- 9 | 10-12 || total
-------------------------+-------+-------+-------+-------++-------
Melee: Short sword       |    55 |   146 |   146 |    12 ||   359
       Tentacles         |     8 |    42 |    51 |     2 ||   103
       Constrict         |    11 |    25 |    32 |       ||    68
       Battleaxe         |       |       |    56 |       ||    56
       Punch             |       |       |     2 |       ||     2
Invok: Heroism           |       |       |     2 |     1 ||     3
Evoke: Wand              |       |     7 |    13 |       ||    20
  Use: Scroll            |     7 |     3 |     5 |       ||    15
       Potion            |       |     5 |     8 |       ||    13
 Stab: Sleeping          |    11 |    10 |    12 |     1 ||    34
  Eat: Chunk             |     2 |     7 |     6 |       ||    15
       Fruit             |       |       |     2 |       ||     2
       Royal jelly       |       |       |     1 |       ||     1
Armor: Skin              |     6 |    15 |    56 |     3 ||    80
Dodge: Dodged            |    28 |    51 |   165 |     8 ||   252
Block: Buckler           |       |       |    11 |     3 ||    14
